 Dungeon Crawl Stone Soup version 0.20.0-15-g7f486f2 (webtiles) character file.

373 pib the Skirmisher (level 6, 0/51 HPs)
             Began as a Demonspawn Abyssal Knight on June 25, 2017.
             Was a Believer of Lugonu.
             Splashed by a jelly's acid (8 damage)
             ... on level 5 of the Dungeon.
             The game lasted 00:11:20 (4173 turns).

pib the Skirmisher (Demonspawn Abyssal Knight)      Turns: 4173, Time: 00:11:21

Health: 0/51       AC: -5    Str: 13    XL:     6   Next: 43%
Magic:  9/9        EV:  8    Int: 13    God:    Lugonu [**....]
Gold:   277        SH: 13    Dex: 14    Spells: 5/5 levels left

rFire    . . .     SeeInvis .   E - +0 trident
rCold    . . .     Gourm    .   C - +2 buckler
rNeg     . . .     Faith    .   x - +0 scale mail
rPois    .         Spirit   .   (helmet restricted)
rElec    .         Reflect  .   (no cloak)
rCorr    .         Harm     .   (no gloves)
MR       +....                  (no boots)
Stlth    ..........             y - amulet of magic regeneration
Regen    0.2/turn               t - ring of protection from magic
MPRegen  0.2/turn               (no ring)

@: corroded
A: horns 1, large bone plates 3, powered by pain 1
a: Depart the Abyss, Bend Space, Renounce Religion


You were on level 5 of the Dungeon.
You worshipped Lugonu.
Lugonu was pleased with you.
You were not hungry.

You visited 1 branch of the dungeon, and saw 5 of its levels.
You visited the Abyss 1 time.

You collected 277 gold pieces.

Inventory:

Hand Weapons
 a - a +1 mace
 z - a +0 blowgun
 D - a +0 war axe
 E - a +0 trident (weapon)
 K - a +0 hunting sling
Missiles
 e - 62 sling bullets
 h - 91 stones (quivered)
 j - 4 tomahawks
 A - 46 poisoned needles
Armour
 b - a +0 leather armour
 v - a +0 ring mail
 w - a +0 ring mail
 x - a +0 scale mail (worn)
 C - a +2 buckler (worn)
Jewellery
 t - a ring of protection from magic (left hand)
 y - an amulet of magic regeneration (around neck)
Wands
 H - a wand of lightning (7/15)
Scrolls
 f - 2 scrolls of fear
 k - 2 scrolls of amnesia
 n - a scroll of magic mapping
 o - 4 scrolls of remove curse {unknown}
 p - 3 scrolls of noise {unknown}
 F - 3 scrolls of random uselessness {unknown}
 G - a scroll of identify
 M - 2 scrolls of enchant armour {unknown}
Potions
 d - 2 potions of heal wounds {unknown}
 g - a potion of might {unknown}
 i - 3 potions of cancellation {unknown}
 l - a potion of haste {unknown}
 q - a potion of degeneration {unknown}
 r - a potion of brilliance {unknown}
 u - a potion of agility {unknown}
 J - a potion of curing {unknown}
 L - a potion of ambrosia {unknown}
Comestibles
 c - 2 bread rations
 m - 4 fruits
 s - 2 royal jellies
 B - a meat ration
 I - 4 chunks of flesh


   Skills:
 + Level 5.2 Fighting
 - Level 1.7(3.0) Axes
 - Level 3.1(3.3) Maces & Flails
 * Level 1.6(2.1) Polearms
 - Level 1.7 Armour
 - Level 0.8 Dodging
 - Level 4.2 Invocations


You had 5 spell levels left.
You didn't know any spells.

Dungeon Overview and Level Annotations

Branches:
Dungeon (5/15)             Temple (0/1) D:4

Altars:
Ashenzari
Hepliaklqana
Kikubaaqudgha
Makhleb
Sif Muna
Yredelemnul

Annotations:
D:2 Sigmund


Innate Abilities, Weirdness & Mutations

You have a pair of small horns on your head.
You are completely covered in large bone plates. (SH +8)
You sometimes gain a little power by taking damage.


Message History

The jelly hits you.
You are splashed with acid!
The acid burns!
The jelly barely misses you.
You are too injured to fight recklessly!
You are too injured to fight recklessly!
You are too injured to fight recklessly!
You are too injured to fight recklessly!
You are too injured to fight recklessly!
Your scale mail prevents you from hitting the jelly.
The jelly is heavily wounded.
You block the jelly's attack.
You puncture the jelly!
Your hands burn!
The jelly is almost dead.
The jelly hits you.
You are splashed with acid!
The acid burns!
* * * LOW HITPOINT WARNING * * *
You barely miss the jelly.
The jelly is almost dead.
The jelly hits you.
* * * LOW HITPOINT WARNING * * *
The acid corrodes you!
You are splashed with acid!
The acid burns!
You die...

##### ## #..<#
.#####. #.#.#
.......###.#.####
#..J@..........
(..............#..
>....#####.#..##
.... ..#..# ...
###...< ## ....
####


You could see a jelly.

Vanquished Creatures
  An ogre (D:4)
  2 scorpions (D:4)
  3 worker ants (D:4)
  A hound skeleton (D:4)
  An ooze (D:1)
  An adder skeleton (D:4)
  A worm (D:4)
  3 dart slugs
  9 orcs
  8 bats
  3 giant cockroaches
  5 goblins
  9 hobgoblins
  13 jackals
  6 kobolds
  2 quokkas
  A ball python (D:2)
  3 frilled lizards
  9 rats
81 creatures vanquished.

Notes
Turn   | Place    | Note
-------+----------+-------------------------------------------
     0 | Abyss:1  | pib the Demonspawn Abyssal Knight began the quest for the Orb.
     0 | Abyss:1  | Reached XP level 1. HP: 18/18 MP: 2/2
    19 | Abyss:1  | Found a corrupted altar of Lugonu.
    85 | Abyss:1  | Noticed a large abomination
   116 | Abyss:1  | Noticed a lich
   117 | D:1      | Escaped the Abyss
   377 | D:1      | Gained mutation: You are partially covered in large bone plates. (SH +4) [demonic ancestry]
   377 | D:1      | Reached XP level 2. HP: 17/24 MP: 4/4
   529 | D:1      | Reached * piety under Lugonu
   876 | D:1      | Gained mutation: You are mostly covered in large bone plates. (SH +6) [demonic ancestry]
   876 | D:1      | Reached XP level 3. HP: 22/29 MP: 5/5
  1215 | D:2      | Noticed Sigmund
  1657 | D:2      | Found a burning altar of Makhleb.
  1700 | D:2      | Reached ** piety under Lugonu
  1914 | D:3      | Found a shattered altar of Ashenzari.
  2076 | D:3      | Found a hazy altar of Hepliaklqana.
  2427 | D:3      | Found a deep blue altar of Sif Muna.
  2453 | D:3      | Gained mutation: You are completely covered in large bone plates. (SH +8) [demonic ancestry]
  2453 | D:3      | Reached XP level 4. HP: 36/36 MP: 6/6
  2548 | D:3      | Found a basalt altar of Yredelemnul.
  2581 | D:3      | Found an ancient bone altar of Kikubaaqudgha.
  2888 | D:4      | Reached skill level 4 in Fighting
  3037 | D:4      | Noticed an ogre
  3229 | D:4      | Gained mutation: You have a pair of small horns on your head. [demonic ancestry]
  3229 | D:4      | Reached XP level 5. HP: 28/42 MP: 8/8
  3392 | D:4      | Killed an ogre
  3392 | D:4      | Reached skill level 1 in Axes
  3503 | D:4      | Gained mutation: You sometimes gain a little power by taking damage. [demonic ancestry]
  3503 | D:4      | Reached XP level 6. HP: 41/50 MP: 9/9
  3512 | D:4      | Reached skill level 5 in Fighting
  3512 | D:4      | Reached skill level 1 in Polearms
  3763 | D:4      | Found a staircase to the Ecumenical Temple.
  4161 | D:5      | Entered Level 5 of the Dungeon
  4173 | D:5      | Splashed by a jelly's acid

Skill      XL: |  1  2  3  4  5  6 |
---------------+-------------------+-----
Invocations    | 3 4 |  4.2
Maces & Flails | 2 3 |  3.1
Fighting       | 4 5 |  5.2
Axes           | 1 |  1.7
Polearms       | 1 |  1.6
Armour         | |  1.7
Dodging        | |  0.8

Action                   |  1- 3 |  4- 6 || total
-------------------------+-------+-------++-------
Melee: Mace              |   176 |    60 ||   236
       Trident           |       |    64 ||    64
       Headbutt          |       |    13 ||    13
Invok: Depart the Abyss  |     1 |       ||     1
  Use: Scroll            |     6 |     1 ||     7
 Stab: Sleeping          |     1 |       ||     1
  Eat: Chunk             |     5 |     2 ||     7
       Bread ration      |       |     1 ||     1
Armor: Leather armour    |    49 |       ||    49
       Scale mail        |    12 |    29 ||    41
       Ring mail         |     3 |       ||     3
Dodge: Dodged            |   125 |    28 ||   153
Block: Other             |    53 |    15 ||    68
       Buckler           |       |    52 ||    52
